 Dungeon Crawl Stone Soup version 0.21-a0-104-g7b58145 (webtiles) character file.

159 Murumi the Covered (level 5, -7/33 HPs)
             Began as a Gargoyle Fighter on July 6, 2017.
             Mangled by a gnoll
             ... wielding a +0 halberd
              (9 damage)
             ... on level 3 of the Dungeon.
             The game lasted 00:08:34 (2604 turns).

Murumi the Covered (Gargoyle Fighter)               Turns: 2604, Time: 00:08:34

Health: -7/33      AC: 16    Str: 21    XL:     5   Next: 40%
Magic:  5/5        EV:  6    Int:  8    God:
Gold:   80         SH:  0    Dex:  9    Spells: 4/4 levels left

rFire    . . .     SeeInvis .   a - +0 flail
rCold    . . .     Gourm    .   (no shield)
rNeg     + . .     Faith    .   k - +0 plate armour {rPois}
rPois    ∞         Spirit   .   (no helmet)
rElec    +         Reflect  .   (no cloak)
rCorr    .         Harm     .   (no gloves)
MR       .....                  (no boots)
Stlth    ..........             (no amulet)
HPRegen  0.11/turn              (no ring)
MPRegen  0.09/turn              (no ring)

@: no status effects
A: negative energy resistance 1, electricity resistance, unbreathing,
petrification resistance, rot immunity, AC +4
a: no special abilities


You were on level 3 of the Dungeon.
You were not hungry.

You visited 1 branch of the dungeon, and saw 3 of its levels.

You collected 80 gold pieces.

Inventory:

Hand Weapons
 a - a +0 flail (weapon)
Missiles
 e - 37 stones (quivered)
 m - 2 tomahawks
Armour
 c - a +0 shield
 k - a +0 plate armour of poison resistance (worn)
Scrolls
 b - 5 scrolls of teleportation
Potions
 d - 2 potions of might
 g - a potion of flight
 i - 2 potions of mutation {unknown}
 j - a potion of heal wounds {unknown}
 n - a potion of curing {unknown}
Comestibles
 f - 3 bread rations
 h - 2 royal jellies
 l - 4 chunks of flesh


   Skills:
 - Level 4.0 Fighting
 - Level 3.0 Maces & Flails
 - Level 1.0 Throwing
 + Level 5.0 Armour
 - Level 1.0 Dodging
 - Level 3.2 Shields


You had 4 spell levels left.
You didn't know any spells.

Dungeon Overview and Level Annotations

Branches:
Dungeon (3/15)

Altars:
Wu Jian


Innate Abilities, Weirdness & Mutations

You are resistant to torment.
Your stone body is resilient. (AC +4)
You are immune to poison.
You resist negative energy. (rN+)
You are resistant to electric shocks. (rElec)
You can survive without breathing.
You are immune to petrification.
You are immune to rotting.


Message History

You thump the gnoll!
You kill the gnoll!
Your Armour skill increases to level 5!
The gnoll hits you but does no damage. The gnoll barely misses you.
You see here a club.
You closely miss the gnoll. The gnoll hits you with a halberd!
You are too injured to fight recklessly!
You closely miss the gnoll. The gnoll hits you but does no damage.
You barely miss the gnoll. The gnoll hits you with a halberd.
* * * LOW HITPOINT WARNING * * *
A bat comes into view.
You sock the gnoll!
The gnoll is severely wounded.
The gnoll hits you with a halberd.
* * * LOW HITPOINT WARNING * * *
You hit the gnoll but do no damage.
The gnoll is severely wounded.
The gnoll hits you with a halberd!
You die...

## .# # #.# .# #.##.#
##....#### #.?......
###.((##.#.. .#.#
#..#.##...(....#..###...
#....bg@..(........#.#.#
#...###)#.(.#..##.# #.#
# #.#.........# #.#
#.#.)..).>.. #.#
#.#..##..#.# #..
#.......##^# #.#
###..##....#####.#
....(...>........#
#.######..#######.#


You could see a gnoll and a bat.

Vanquished Creatures
  The ghost of Zuzmorgo the Ruffian, a weakling DrTm (D:3)
  2 gnolls (D:3)
  2 adders
  2 worms (D:2)
  2 dart slugs
  A leopard gecko (D:2)
  7 orcs (D:3)
  4 giant cockroaches
  7 hobgoblins
  A ball python (D:1)
  7 bats
  4 frilled lizards
  6 goblins (D:1)
  8 kobolds
  11 rats
65 creatures vanquished.

Notes
Turn   | Place    | Note
-------+----------+-------------------------------------------
     0 | D:1      | Murumi the Gargoyle Fighter began the quest for the Orb.
     0 | D:1      | Reached XP level 1. HP: 14/14 MP: 1/1
   153 | D:1      | Reached skill level 1 in Throwing
   181 | D:1      | Reached XP level 2. HP: 17/19 MP: 2/2
   262 | D:1      | Reached skill level 1 in Dodging
   478 | D:1      | Reached XP level 3. HP: 23/23 MP: 3/3
  1509 | D:2      | Reached XP level 4. HP: 29/29 MP: 4/4
  2388 | D:3      | Found an ornate altar of the Wu Jian Council.
  2435 | D:3      | Noticed Zuzmorgo's ghost (weakling DrTm)
  2449 | D:3      | Killed Zuzmorgo's ghost
  2449 | D:3      | Reached skill level 4 in Armour
  2449 | D:3      | Reached XP level 5. HP: 22/33 MP: 5/5
  2598 | D:3      | Reached skill level 5 in Armour
  2604 | D:3      | Mangled by a gnoll

Vault maps used:
D:1:      dpeg_arrival_ratfight
D:3:      corexii_shack_village, lemuel_round_altar, nicolae_ru_awakened_eye,
          cheibrodos_ashenzari_chains, uniq_natasha, uniq_sigmund, uniq_grinder

Skill      XL: |  1  2  3  4  5 |
---------------+----------------+-----
Throwing       | 1 |  1.0
Dodging        | 1 |  1.0
Maces & Flails | 3 |  3.0
Fighting       | 4 |  4.0
Armour         | 4 5 |  5.0
Shields        | |  3.2

Action                   |  1- 3 |  4- 6 || total
-------------------------+-------+-------++-------
Melee: Flail             |   112 |   102 ||   214
Throw: Stone             |    93 |    66 ||   159
  Use: Scroll            |     2 |     1 ||     3
  Eat: Chunk             |     2 |     4 ||     6
Armor: Scale mail        |    74 |       ||    74
       Plate armour      |       |    79 ||    79
Dodge: Dodged            |    65 |    35 ||   100
